Arrhythmia, chaotic female vampiric Convict ---- |..| ---- ----- |..-- --..| ---- ---...---...-- |...--- -----..----............---.....| |..............................--- |-..............----.............| --........>......| --............| ---........---..%.-- ---......(....-- |..........---...%----....---.%....| |...........|.....................-| --.....<......).....---.------......| --..................-- --- |.O...-- |............%......| --...--- -- | -................---- |.....| .-- ..--- |........*.......-- ---...--- ....-- ......... --............|.-- --.*..| ............. |..----....----- |...@--- ........ |. --..-- --.|Y..---- ......- -- |..| ----..h.....- ---- ---------- Arrhythmia the Jail-bird Experience level: 7 Strength: 16 Dexterity: 11 Constitution: 20 Intelligence: 12 Wisdom: 9 Charisma: 7 Health: 0(72) Energy: 46(46) AC: 5 Gold: 361 Moves: 2710 Your Inventory: Coins $ - 361 gold pieces Amulets d - an [uncursed] hexagonal amulet [of ESP] Armor b - an uncursed +0 striped shirt (being worn) j - an [uncursed] burnt +3 hooded cloak [dwarvish] (being worn) k - an [uncursed +0] hooded cloak [of speed (dwarvish)] l - an [uncursed] +0 pair of hard shoes [iron] (being worn) Comestibles e - 2 [uncursed] Hot Futa Mare Dicks named Ward against forgiveness Scrolls h - an [uncursed] scroll labeled TEMOV [of food detection] i - an [uncursed] scroll labeled ELBIB YLOH [of teleportation] Potions n - an [uncursed] amber potion [of levitation] Tools o - an [uncursed] brass lantern (lit) Iron balls c - an [uncursed] heavy iron ball (weapon in hand) Spells known in the end: Name Level Category Fail Memory Your skills at the end: Fighting Skills Weapon Skills sling [Basic / Skilled] Spellcasting Skills Final Attributes: You were piously aligned. Hunger level was 164. Your alignment was 23 / 23. Monster difficulty range was 1 - 7. Level difficulty was 7. You were immune to poison. You were immune to level-drain. You were immune to sickness. You could fly. You could survive without air. You regenerated. Your luck was zero. You are dead. Vanquished creatures: an iron piercer a giant spider 2 ponies a fog cloud 4 gnome lords a ghoul 2 floating eyes 7 dwarves a kobold shaman a rothe a monkey a wererat an acid blob a gas spore 2 hobbits 2 manes 2 cave spiders a green mold 34 gnomes 3 jackals a fox a kobold 2 sewer rats a grid bug 5 bats 3 lichens a kobold zombie 3 newts 86 creatures vanquished. Voluntary challenges: You went without food. You were illiterate. You never hit with a wielded weapon. You put on armor 3 times. You never genocided any monsters. You never polymorphed an object. You never changed form. You used no wishes. You abstained from Elbereth's help. You never encountered a bones level. You never used any Sokoban shortcuts. Dungeon overview: The Dungeons of Doom: levels 1 to 4 Level 1 a long staircase Level 3 a fountain Level 4 stairs to The Gnomish Mines The Gnomish Mines: levels 5 to 7 Level 5 stairs to The Dungeons of Doom Level 7 <- You were here History has recorded: On T:1 you entered the Dungeons of Doom to retrieve the Amulet of Yendor! On T:349 you reached level 2 of The Dungeons of Doom. On T:675 you reached level 3 of The Dungeons of Doom. On T:696 you advanced to experience level 2. On T:932 you advanced to experience level 3. On T:1219 you reached level 4 of The Dungeons of Doom. On T:1364 you advanced to experience level 4. On T:1517 you advanced to experience level 5. On T:1661 you reached level 1 of The Gnomish Mines. On T:1687 you advanced to experience level 6. On T:2154 you reached level 2 of The Gnomish Mines. On T:2196 you advanced to experience level 7. On T:2611 you reached level 3 of The Gnomish Mines. Latest messages: [HP+1=31] You kick the dwarf. The dwarf thrusts her broad short sword. The dwarf hits! [HP-12=19] You kick the dwarf. [HP+1=20] [HP+1=21] You kick the dwarf. [HP+1=22] [HP+1=23] [HP+1=24] The yeti hits! (2x) The yeti bites! The gnome picks up a dagger. The yeti hits! (2x) The yeti bites! [HP-19=5] The yeti hits! You die... Final status: Goodbye Arrhythmia the Convict... You died in The Gnomish Mines on dungeon level 7 with 2213 points, and 361 pieces of gold, after 2710 moves. You were level 7 with a maximum of 72 hit points when you died.